 Dungeon Crawl Stone Soup version 0.29-a0-643-ga013cefcf8 (webtiles) character file.

Game seed: 13317628719333310912

84 zeratav the Sneak (level 4, 0/26 HPs)
             Began as a Kobold Gladiator on June 20, 2022.
             Slain by Pikel
             ... wielding a +2 whip of electrocution
              (9 damage)
             ... on level 4 of the Dungeon.
             The game lasted 00:02:47 (3118 turns).

zeratav the Sneak (Kobold Gladiator)                Turns: 3118, Time: 00:02:47

Health: 0/26       AC:  5    Str: 11    XL:     4   Next: 72%
Magic:  4/4        EV: 19    Int:  9    God:
Gold:   190        SH:  0    Dex: 18    Spells: 3/3 levels left

rFire   . . .      SeeInvis .   a - +0 rapier {short}
rCold   . . .      Faith    .   (no shield)
rNeg    . . .      Spirit   .   b - +0 leather armour
rPois   .          Reflect  .   c - +0 helmet
rElec   .          Harm     .   (no cloak)
rCorr   .          Rampage  .   g - +0 pair of gloves
Will    .....                   (no boots)
Stlth   ++++......              o - amulet of regeneration {@e2}
HPRegen 0.88/turn               x - +4 ring of evasion
MPRegen 0.09/turn               (no ring)

@: no status effects
A: small, no large weapons, nightstalker 3
a: no special abilities


You were on level 4 of the Dungeon.
You visited 1 branch of the dungeon, and saw 4 of its levels.

You collected 190 gold pieces.


Innate Abilities, Weirdness & Mutations

You are small and have problems with some larger weapons.
You are completely attuned to the shadows.


   Skills:
 - Level 2.1 Fighting
 + Level 4.8 Short Blades
 - Level 2.1 Throwing
 - Level 3.6 Dodging
 - Level 5.0 Stealth


You had 3 spell levels left.
You didn't know any spells.
Your spell library contained the following spells:

 Spells                   Type           Power      Damage    Failure   Level
 Freeze                   Ice            0%         1d3       47%         1
 Sting                    Tmut/Pois      0%         1d3       47%         1
 Poisonous Vapours        Pois/Air       0%         N/A       63%         2
 Frozen Ramparts          Ice            0%         1d2       85%         3
 Hailstorm                Conj/Ice       0%         3d3       99%         4
 Olgreb's Toxic Radiance  Pois           0%         N/A       99%         4

Inventory:

Hand Weapons
 a - a +0 rapier (weapon) {short}
 p - a +0 long sword of holy wrath {long}
   (You found it on level 2 of the Dungeon)
Missiles
 d - 3 throwing nets (quivered) {=fthrowing}
 e - 2 boomerangs {throwing}
Armour
 b - a +0 leather armour (worn)
 c - a +0 helmet (worn)
 g - a +0 pair of gloves (worn)
   (You found it on level 1 of the Dungeon)
Jewellery
 f - an amulet of reflection
   (You found it on level 1 of the Dungeon)
 j - a ring of wizardry
   (You found it on level 1 of the Dungeon)
 k - an amulet of faith {!P}
   (You found it on level 2 of the Dungeon)
 o - an amulet of regeneration (around neck) {@e2}
   (You found it on level 3 of the Dungeon)
 x - a +4 ring of evasion (left hand)
   (You found it on level 3 of the Dungeon)
 y - a ring of protection from fire
   (You found it on level 3 of the Dungeon)
Wands
 z - a wand of mindburst (12)
   (You found it on level 3 of the Dungeon)
Scrolls
 h - a scroll of vulnerability {!r!r}
 i - a scroll of poison {!r}
 l - 2 scrolls of teleportation {@r4}
 m - a scroll of enchant armour
 q - a scroll of silence {!r}
 r - a scroll of blinking {unknown}
 t - a scroll of immolation {!r!r}
Potions
 n - a potion of might {unknown}
 s - 2 potions of haste {unknown}
 u - a potion of curing {unknown}
 v - a potion of ambrosia {unknown}
 w - a potion of attraction {unknown}
 A - 2 potions of brilliance {unknown}

Dungeon Overview and Level Annotations

Branches:
Dungeon (4/15) Zot: 20884
 Temple: D:4-7

Altars:
Nemelex Xobeh

Annotations:
D:4 Pikel

...........## ... ...
###.........##.###≈##
# ##.)...##....#.#≈#.
.# #
##...###..###.#≈#. 5#
##'## ##.....#≈#.. .#
#.# #.###.#≈#.###5#
.# #...#.#≈#.#...#
###.###5###.###
#..@K5....#
#####5#.### #####...#
......### #######


You could see Pikel and 3 lemures.


Message History

You see here a wand of mindburst (12).
z - a wand of mindburst (12)
The helpless goblin fails to defend itself.
You impale the goblin!!
You kill the goblin!
No target in view!
No target in view!
No target in view!
No target in view!
No target in view!
No target in view!
No target in view!
No target in view!
No target in view!
You see here a +0 club {mace}.
A - 2 inky potions
r - 2 scrolls of identify {@r1} (gained 1)
s - 2 viscous green potions (gained 1)
You see here a +0 club {mace}.
Things that are here:
a +0 whip {mace}; a kobold corpse
There is an open door here.
There is a fountain of sparkling water here.
There is a fountain of sparkling water here.
There is an open door here.
Done exploring.
As you read the scroll of identify {@r1}, it crumbles to dust.
q - a scroll of silence
As you read the scroll of identify {@r1}, it crumbles to dust.
t - a scroll of immolation
Okay, then.
Done exploring.
(D) Dungeon
Where to? (Enter - D:3, ? - help)
There is an open door here.
There is a stone staircase leading down here.
You climb downwards.
There is a stone staircase leading up here.
You now have 171 gold pieces (gained 15).
You now have 179 gold pieces (gained 8).
Found a stone staircase leading up.
There is a stone staircase leading up here.
You now have 190 gold pieces (gained 11).
An orc comes into view. It is wielding a +0 club.
The orc completely misses you.
You hit the orc but do no damage. The orc closely misses you.
You hit the orc but do no damage. The orc misses you.
You hit the orc. The orc misses you.
You hit the orc but do no damage. The orc misses you.
You hit the orc.
You kill the orc!
No target in view!
Things that are here:
a +0 club {mace}; a +0 ring mail; an orc corpse
r - a scroll labelled ISUTIW GEPT An adder comes into view.
A lemure comes into view.
The helpless adder fails to defend itself.
You impale the adder!!
You kill the adder!
The lemure shouts!
You hear a shout! x2
The lemure hits you but does no damage.
Pikel, Merchant of Souls comes into view.
He is wielding a +2 whip of electrocution and wearing a +2 robe of willpower.
You hit the lemure. You hit the lemure. The lemure hits you.
A lemure comes into view.
HP[-1]
You take 1 damage, and now have 25/26 hp.
You closely miss the lemure. The lemure closely misses you.
A lemure comes into view.
HP[+1]
Your hp is fully restored (26).
You barely miss the lemure.
The lemure shouts!
Pikel hits you with a +2 whip of electrocution!
HP[-10]
You take 10 damage, and now have 16/26 hp.
MASSIVE DAMAGE!! (PAUSE)
You hit Pikel.
Pikel hits you with a +2 whip of electrocution!
* * * LOW HITPOINT WARNING * * *
HP[-6]
You take 6 damage, and now have 10/26 hp.
MASSIVE DAMAGE!! (PAUSE)
You hit Pikel but do no damage. Pikel closely misses you.
HP[+1]
You hit Pikel but do no damage. Pikel misses you.
HP[+1]
You hit Pikel. Pikel misses you.
HP[+1]
You miss Pikel. Pikel completely misses you.
HP[+1]
You closely miss Pikel. Pikel barely misses you.
You barely miss Pikel. Pikel closely misses you.
HP[+1]
You hit Pikel but do no damage.
Pikel hits you with a +2 whip of electrocution!
* * * LOW HITPOINT WARNING * * *
You are electrocuted!
You die...

Skill      XL: |  1  2  3  4 |
---------------+-------------+-----
Stealth        | 2 3 4 5 |  5.0
Fighting       | |  2.1
Short Blades   | |  4.8
Throwing       | |  2.1
Dodging        | |  3.6

Action                   |  1- 3 |  4- 6 || total
-------------------------+-------+-------++-------
Melee: Rapier            |    58 |    48 ||   106
  Use: Scroll            |       |     6 ||     6
 Stab: Sleeping          |     8 |    10 ||    18
Armor: Leather armour    |    12 |     6 ||    18
Dodge: Dodged            |    42 |    20 ||    62

Levels and vault maps discovered:
D:1:      psy_arrival_fountain, layout_loops_ring
D:2:      layout_basic, dreamdust_ecumenical_altar_hidden_monk_grotto
D:3:      layout_basic, nemelex_xobeh_ov_fountains_minmay, minivault_5
D:4:      layout_loops_corners, gammafunk_ghost_gnarly_gnolls, grunt_decor_cap,
          mrwooster_statue_mirror, uniq_pikel, uniq_menkaure

Notes
Turn   | Place    | Note
-------+----------+-------------------------------------------
     0 | D:1      | zeratav the Kobold Gladiator began the quest for the Orb.
     0 | D:1      | Reached XP level 1. HP: 12/12 MP: 1/1
     0 | D:1      | magus.rc [v1.9.6]
    83 | D:1      | Reached skill level 1 in Stealth
   228 | D:1      | Reached skill level 2 in Stealth
   228 | D:1      | Reached XP level 2. HP: 17/17 MP: 2/2
   456 | D:1      | Reached skill level 3 in Stealth
   784 | D:1      | You pick up a book of Frost and begin reading...
   784 | D:1      | You add the spells Freeze, Frozen Ramparts and Hailstorm to
                  | your library.
   958 | D:2      | Reached XP level 3. HP: 21/21 MP: 3/3
   994 | D:2      | Reached skill level 4 in Stealth
  1297 | D:2      | Reached XP level 4. HP: 26/26 MP: 4/4
  1388 | D:2      | Reached skill level 5 in Stealth
  1733 | D:2      | Found a faded altar of an unknown god.
  2099 | D:3      | Found a sparkling altar of Nemelex Xobeh.
  2581 | D:3      | You add the spells Sting, Poisonous Vapours and Olgreb's
                  | Toxic Radiance to your library.
  3093 | D:4      | Noticed a lemure
  3097 | D:4      | Noticed Pikel
  3099 | D:4      | Noticed a lemure
  3100 | D:4      | Noticed a lemure
  3118 | D:4      | Slain by Pikel

Vanquished Creatures
  3 adders
  3 worms
  A dart slug (D:1)
  An orc (D:4)
  4 endoplasms
  2 giant cockroaches
  6 hobgoblins
  3 jackals (D:1)
  3 kobolds
  3 quokkas
  2 ball pythons
  3 bats
  4 goblins
  2 rats
40 creatures vanquished.

Table legend:
 A = Non-vault XP
 B = Vault XP
 C = Vault XP percentage of total XP
 D = Non-vault monster count
 E = Vault monster count
 F = Vault count percentage of total count
                 A         B        C        D         E       F
            +---------+---------+-------+---------+---------+-------
      Total |     120 |       0 |   0.0 |      40 |       0 |   0.0
            +---------+---------+-------+---------+---------+-------
        D:1 |      22 |       0 |   0.0 |      11 |       0 |   0.0
        D:2 |      58 |       0 |   0.0 |      17 |       0 |   0.0
        D:3 |      24 |       0 |   0.0 |      10 |       0 |   0.0
        D:4 |      16 |       0 |   0.0 |       2 |       0 |   0.0
            +---------+---------+-------+---------+---------+-------

Illustrated notes

Table legend:
 A = Kills in this place as a percentage of kills in entire the game.
 B = Kills by you in this place as a percentage of kills by you in the entire game.
 C = Kills by friends in this place as a percentage of kills by friends in the entire game.
 D = Other kills in this place as a percentage of other kills in the entire game.
 E = Experience gained in this place as a percentage of experience gained in the entire game.
 F = Experience gained in this place divided by the number of levels of this place that you have seen.
                   A       B       C       D       E      F
               +-------+-------+-------+-------+-------+----------------------
         Total | 100.0 | 100.0 |   N/A |   N/A | 100.0 |  30.0
       Dungeon | 100.0 | 100.0 |   N/A |   N/A | 100.0 |  30.0
               +-------+-------+-------+-------+-------+----------------------

Table legend: (Time is in decaauts)
 A = Elapsed time spent in this place.
 B = Non-inter-level travel time spent in this place.
 C = Inter-level travel time spent in this place.
 D = Time resting spent in this place.
 E = Time spent auto-exploring this place.
 F = Levels seen in this place.
 G = Mean time per level.
                   A        B        C        D        E       F      G
               +--------+--------+--------+--------+--------+-----+--------+
         Total |   3114 |   3058 |     56 |    269 |   2497 |   4 |  778.5 |
       Dungeon |   3114 |   3058 |     56 |    269 |   2497 |   4 |  778.5 |
               +--------+--------+--------+--------+--------+-----+--------+

Top non-repeatable levels by time:
     D:3: 1079 daAuts
     D:2: 1036 daAuts
     D:1: 886 daAuts
     D:4: 112 daAuts
